 Dungeon Crawl Stone Soup version 0.26-a0-665-gefeb406119 (webtiles) character file.

Game seed: 14587339653781219728

42 miscthings the Chopper (level 3, 0/33 HPs)
             Began as a Palentonga Delver on Oct 15, 2020.
             Succumbed to a worker ant's poison
             ... on level 4 of the Dungeon.
             The game lasted 00:01:05 (339 turns).

miscthings the Chopper (Palentonga Delver)           Turns: 339, Time: 00:01:06

Health: 0/33       AC:  4    Str: 15    XL:     3   Next: 35%
Magic:  3/3        EV:  9    Int: 10    God:
Gold:   33         SH:  0    Dex: 12    Spells: 2/2 levels left

rFire    . . .     SeeInvis +   a - +0 hand axe
rCold    . . .     Faith    .   (no shield)
rNeg     . . .     Spirit   .   b - +0 leather armour
rPois    .         Reflect  .   (no helmet)
rElec    .         Harm     .   (no cloak)
rCorr    .         Rampage  .   (no gloves)
MR       .....                  (no barding)
Stlth    ++........             (no amulet)
HPRegen  0.11/turn              k - ring of flight
MPRegen  0.08/turn              (no ring)

@: lethally poisoned (0 -> -12), stab, hasted, very quick
A: large, rugged brown scales 3, see invisible, deformed body, roll, armoured
tail
a: Rolling Charge, Evoke Flight


You were on level 4 of the Dungeon.
You visited 1 branch of the dungeon, and saw 2 of its levels.

You collected 33 gold pieces.

Inventory:

Hand Weapons
 a - a +0 hand axe (weapon)
Armour
 b - a +0 leather armour (worn)
Jewellery
 k - a ring of flight (left hand)
Wands
 g - a wand of digging (3)
Scrolls
 c - a scroll of fog
 d - 3 scrolls of magic mapping
 e - a scroll of fear
 i - a scroll of teleportation {unknown}
 j - 3 scrolls of remove curse {unknown}
 l - a scroll of immolation {unknown}
Potions
 f - 2 potions of haste


   Skills:
 - Level 3.0 Fighting
 + Level 3.8 Axes
 - Level 1.5 Dodging
 - Level 3.3 Stealth


You had 2 spell levels left.
You didn't know any spells.
Your spell library was empty.

Dungeon Overview and Level Annotations

Branches:
Dungeon (5/15)
 Temple: D:4-7

Altars:
The Shining One


Innate Abilities, Weirdness & Mutations

You are completely covered in rugged brown scales. (AC +3, +7% HP)
You have supernaturally acute eyesight. (SInv)
Armour fits poorly on your strangely shaped body.
You can roll at foes to attack.
You have a long armoured tail.


Message History

Evoke which item? (* to show all) (? for menu, Esc to quit)
Okay, then.
It was a potion of stabbing.
You feel ready to backstab.
* * * LOW HITPOINT WARNING * * *
You feel sick. The worker ant closely misses you.
You feel yourself speed up. The worker ant closely misses you.
You hit the worker ant but do no damage.
The worker ant is lightly wounded.
* * * LOW HITPOINT WARNING * * *
You feel sick. The worker ant bites you.
* * * LOW HITPOINT WARNING * * *
You are more poisoned.
The worker ant poisons you!
You hit the worker ant. You tail-slap the worker ant.
The worker ant is moderately wounded.
The worker ant barely misses you.
You closely miss the worker ant.
The worker ant is moderately wounded.
You die...

##...+# . # ##..#..## ..
#.#. #..#.#..# #.#.
#...###..#._.#..###.....
#...##..#.#..##.......
###..##..#..##..#####.
##B@##...##..## #.
##..## ##..## .
##..###..## ##..#..##
### ##.#.####.$ #...#
#.$ ##.## #.#
#.####>#####
#..........###


You could see a worker ant.

Vanquished Creatures
  A howler monkey (D:4)
  A dart slug (D:4)
  A giant cockroach (D:4)
  A leopard gecko skeleton (D:5)
4 creatures vanquished.

Notes
Turn   | Place    | Note
-------+----------+-------------------------------------------
     0 | D:5      | miscthings the Palentonga Delver began the quest for the
                  | Orb.
     0 | D:5      | Reached XP level 1. HP: 20/20 MP: 1/1
    36 | D:4      | Noticed a howler monkey
    43 | D:4      | Killed a howler monkey
    43 | D:4      | Reached XP level 2. HP: 10/27 MP: 2/2
    43 | D:4      | Reached XP level 3. HP: 12/33 MP: 3/3
   281 | D:4      | Noticed a phantom
   309 | D:4      | Found a glowing golden altar of the Shining One.
   337 | D:4      | HP: 1/33 [worker ant (2)]
   339 | D:4      | Succumbed to a worker ant's poison

Illustrated notes

Levels and vault maps discovered:
D:4:      layout_rooms, minmay_temple_entry_sparse_star, tso_metal_star,
          uniq_menkaure
D:5:      layout_gridville, kennysheep_big_empty_room, uniq_duvessa,
          uniq_grinder

Skill      XL: |  1 |
---------------+----+-----
Axes           | 3 |  3.8
Fighting       | |  3.0
Dodging        | |  1.5
Stealth        | |  3.3

Action                   || total
-------------------------++-------
Melee: Hand axe          ||    18
       Tailslap          ||     3
 Abil: Rolling Charge    ||     3
  Use: Potion            ||     2
Armor: Leather armour    ||     2
Dodge: Dodged            ||     6

Table legend: (Time is in decaauts)
 A = Elapsed time spent in this place.
 B = Non-inter-level travel time spent in this place.
 C = Inter-level travel time spent in this place.
 D = Time resting spent in this place.
 E = Time spent auto-exploring this place.
 F = Levels seen in this place.
 G = Mean time per level.
                   A        B        C        D        E       F      G
               +--------+--------+--------+--------+--------+-----+--------+
         Total |    340 |    340 |      0 |    152 |     22 |   2 |  170.0 |
       Dungeon |    340 |    340 |      0 |    152 |     22 |   2 |  170.0 |
               +--------+--------+--------+--------+--------+-----+--------+

Top non-repeatable levels by time:
     D:4: 311 daAuts
     D:5: 28 daAuts
